 Dungeon Crawl Stone Soup version 0.15.2 (webtiles) character file.

6839 krech the Nimble (level 10, -1/69 HPs)
             Began as a High Elf Gladiator on Jan 24, 2015.
             Was a Priest of Qazlal.
             Slain by a three-headed hydra (12 damage)
             ... on Level 9 of the Dungeon.
             The game lasted 01:08:55 (12808 turns).

krech the Nimble (High Elf Gladiator)              Turns: 12808, Time: 01:08:55

HP  -1/69        AC  6     Str 23      XL: 10   Next: 77%
MP  18/21        EV 29     Int 11      God: Qazlal [***...]
Gold 380         SH  4     Dex 31      Spells:  1 memorised,  7 levels left

rFire  . . .     SeeInvis .     i - +4 dire flail of the Exiled Dances {flame, Str+3}
rCold  . . .     Clarity  +     G - -1 leather armour of the Grue {Dex+3}
rNeg   + . .     rCorr    .     (no shield)
rPois  .         rRot     .     C - +0 helmet
rElec  .         Spirit   .     I - +1 cloak
SustAb .         Warding  .     (no gloves)
rMut   .         Stasis   .     (no boots)
Gourm  .                        s - amulet of faith
MR     +....                    k - +3 ring of dexterity
                                l - ring of positive energy

@: mighty, agile, hasted, very quick, somewhat resistant to hostile
enchantments, fairly stealthy
A: clarity
a: Upheaval, Elemental Force, Renounce Religion


You were on level 9 of the Dungeon.
You worshipped Qazlal.
Qazlal was most pleased with you.
You were hungry.

You visited 2 branches of the dungeon, and saw 10 of its levels.

You collected 568 gold pieces.
You spent 188 gold pieces at shops.

Inventory:

Hand weapons
 a - a +2 flail of draining
 f - a +0 dagger of venom
 i - the +4 dire flail of the Exiled Dances (weapon) {flame, Str+3}
   (You found it on level 7 of the Dungeon)

   It emits flame when wielded, causing extra injury to most foes and up to
   double damage against particularly susceptible opponents.
   It affects your strength (+3).
 n - a +2 spear of piercing
 o - a +2 falchion of flaming
 y - a +3 halberd
 Q - a +2 spear of piercing
 R - a +2 long sword of draining
Missiles
 S - 3 javelins (quivered)
Armour
 C - a +0 helmet (worn)
 G - the -1 leather armour of the Grue (worn) {Dex+3}
   (You found it on level 5 of the Dungeon)

   It affects your dexterity (+3).
 I - a +1 cloak (worn)
Magical devices
 b - a wand of digging (10)
 d - a wand of fireball (1)
 E - a wand of disintegration (10)
 O - a wand of flame (12)
Comestibles
 c - 3 fruits
 u - 3 beef jerkies
 v - 4 bread rations
Scrolls
 e - 2 scrolls of identify
 g - 3 scrolls of enchant armour
 h - a scroll of random uselessness {unknown}
 m - a scroll of amnesia
 H - 3 scrolls of fog
 N - 2 scrolls of teleportation
 U - a scroll of remove curse
Jewellery
 k - a +3 ring of dexterity (right hand)
 l - a ring of positive energy (left hand)
 s - an amulet of faith (around neck)
 L - an uncursed amulet of resist mutation
Potions
 j - a potion of beneficial mutation
 p - a potion of haste
 t - a potion of might
 x - a potion of restore abilities
 M - a potion of curing
Books
 q - a book of Fire

   Spells                             Type                      Level
   Ignite Poison                      Fire/Transmutation           5
   Fireball                           Conjuration/Fire             5
   Bolt of Fire                       Conjuration/Fire             6
   Delayed Fireball                   Conjuration/Fire             7
   Ring of Flames                     Charms/Fire                  7
 D - a book of the Warp

   Spells                             Type                      Level
   Control Teleport                   Charms/Translocation         4
   Phase Shift                        Translocation                5
   Warp Weapon                        Charms/Translocation         5
   Dispersal                          Translocation                6
   Controlled Blink                   Translocation                7
   Disjunction                        Translocation                8
 K - a book of Hinderance

   Spells                             Type                      Level
   *Confusing Touch                   Hexes                        2
   Confuse                            Hexes                        3
   Petrify                            Transmutation/Earth          4
   Leda's Liquefaction                Hexes/Earth                  4
   Metabolic Englaciation             Hexes/Ice                    5
   Summon Mana Viper                  Hexes/Summoning              5
Rods
 A - a +3 rod of destruction (9/9)
   (You found it on level 5 of the Dungeon)


   Skills:
 + Level 6.7 Fighting
 + Level 5.8 Long Blades
 + Level 2.7 Maces & Flails
 + Level 5.6 Polearms
 - Level 3.0 Throwing
 + Level 5.3 Armour
 * Level 10.0 Dodging
 + Level 5.7 Stealth
 + Level 4.5 Evocations


You had 7 spell levels left.
You knew the following spells:

 Your Spells              Type           Power        Failure   Level  Hunger
a - Confusing Touch       Hex            #.....       56%         2    ###....


Dungeon Overview and Level Annotations

Branches:
Dungeon (9/15)             Temple (1/1) D:4            Lair (0/8) D:8
    Orc: D:9-12

Altars:
Ashenzari
Dithmenos
Elyvilon
Fedhas
Kikubaaqudgha
Makhleb
Nemelex Xobeh
Okawaru
Qazlal
Sif Muna
Trog
Vehumet
Yredelemnul
Zin
The Shining One

Shops:
D:9 =

Annotations:
D:2 Sigmund


Innate Abilities, Weirdness & Mutations

You possess an exceptional clarity of mind.


Message History

The three-headed hydra bites you!
The three-headed hydra closely misses you.
You feel better. The three-headed hydra bites you.
The three-headed hydra completely misses you.
The three-headed hydra bites you!
* * * LOW HITPOINT WARNING * * *
You puncture the three-headed hydra! You burn the three-headed hydra.
The three-headed hydra is almost dead.
The three-headed hydra completely misses you.
The three-headed hydra closely misses you.
The three-headed hydra bites you!
* * * LOW HITPOINT WARNING * * *
Use which ability? (? or * to list)
Aiming: Upheaval
Press: ? - help, Dir - move target cursor, f/p - three-headed hydra
Aim: a three-headed hydra (almost dead) That beam is likely to hit you.
Continue anyway?
Okay, then.
You feel yourself speed up. The three-headed hydra bites you!
You die...

#...#.............#.....###'#...
#(..#...........######### ###...
#...#..[........#.# %...# #...
#...########'#§.#.#≈.%.%' ##...
#..........§.#..#.#.....'. #'...
#............#..#.)≈....'. ##...
##...######...#..#%#.....#. ##...
.....#..(.)>..####%# .≈≈≈# #'...
.....#...%#....§@D.# ≈≈≈# ##...
.....#....#≈≈≈.....# ≈.' ###'#
.....#....≈≈≈≈≈##### ########....
.....#......∩≈≈...####.......|###
###§.#....≈≈≈≈≈...(..#......%.#..
#..#....#≈≈≈.......#........+..
#..#'####.#........#........#..
#.....§...#........###......##§
#.........#..........'.........


You could see a three-headed hydra.

Vanquished Creatures
  Erolcha (D:8)
  A troll (D:9)
  14 yaks
  A wyvern (D:7)
  Eustachio (D:5)
  A water moccasin (D:5)
  2 sky beasts
  2 orc warriors
  5 ogres
  A phantom (D:8)
  A necrophage (D:7)
  7 centaurs
  3 big kobolds
  3 giant frogs
  A jelly (D:6)
  A hippogriff zombie (D:6)
  A scorpion (D:5)
  4 wights (D:7)
  A hippogriff skeleton (D:9)
  3 crimson imps
  5 goliath beetles
  3 hounds
  A quasit (D:7)
  An orc priest (D:6)
  4 orc wizards (D:6)
  A centaur skeleton (D:7)
  3 iguanas
  6 worker ants
  2 sheep (D:9)
  An ogre zombie (D:8)
  A big kobold skeleton (D:8)
  A hound zombie (D:8)
  A hound skeleton (D:4)
  An orc zombie (D:5)
  A worker ant zombie (D:7)
  A scorpion zombie (D:5)
  11 gnolls
  3 shadow imps
  7 adders
  3 giant mites
  2 inept item mimics
  3 worms
  An adder skeleton (D:6)
  3 giant geckos
  3 oozes
  20 orcs
  14 bats
  2 bat zombies (D:9)
  4 giant cockroaches
  15 hobgoblins
  20 jackals
  5 quokkas
  A giant gecko skeleton (D:8)
  3 giant newts
  2 giant spores (D:6)
  7 goblins
  2 goblin zombies
  A hobgoblin zombie (D:7)
  22 kobolds
  A kobold zombie (D:5)
  27 rats
  A rat skeleton (D:4)
  A rat zombie (D:7)
  6 ballistomycetes (D:6)
  11 fungi (D:8)
  6 plants (D:8)
294 creatures vanquished.

Vanquished Creatures (collateral kills)
  An ogre (D:9)
  A gnoll sergeant (D:8)
  A big kobold (D:9)
3 creatures vanquished.

Vanquished Creatures (others)
  An air elemental (D:9)
  A gnoll (D:3)
  A quokka (D:3)
  A giant spore (D:6)
  2 fungi (D:8)
  6 plants
12 creatures vanquished.

Grand Total: 309 creatures vanquished

Notes
Turn   | Place    | Note
--------------------------------------------------------------
     0 | D:1      | krech, the High Elf Gladiator, began the quest for the Orb.
     0 | D:1      | Reached XP level 1. HP: 14/14 MP: 2/2
   365 | D:1      | Reached XP level 2. HP: 19/19 MP: 3/3
   374 | D:1      | Reached skill level 4 in Long Blades
  1116 | D:2      | Reached XP level 3. HP: 17/24 MP: 5/5
  1230 | D:2      | Found a glowing silver altar of Zin.
  1288 | D:2      | Found a stormy altar of Qazlal.
  1481 | D:2      | Became a worshipper of Qazlal Stormbringer
  2115 | D:2      | Noticed Sigmund
  2322 | D:3      | Reached skill level 1 in Armour
  2322 | D:3      | Reached XP level 4. HP: 30/30 MP: 7/7
  2408 | D:3      | Found a basalt altar of Yredelemnul.
  2585 | D:3      | Reached skill level 1 in Stealth
  2636 | D:3      | Acquired Qazlal's first power
  2851 | D:3      | Found a radiant altar of Vehumet.
  3020 | D:3      | Reached XP level 5. HP: 33/36 MP: 8/8
  3319 | D:4      | Found a staircase to the Ecumenical Temple.
  3327 | Temple   | Entered the Ecumenical Temple
  3763 | D:4      | Acquired Qazlal's second power
  3763 | D:4      | Reached skill level 1 in Polearms
  3958 | D:4      | Noticed an ogre
  3973 | D:4      | Killed an ogre
  3973 | D:4      | Reached XP level 6. HP: 21/42 MP: 10/10
  4399 | D:4      | Found a deep blue altar of Sif Muna.
  4531 | D:5      | Entered Level 5 of the Dungeon
  4544 | D:5      | Got an ancient leather armour
  4555 | D:5      | Identified the cursed -1 leather armour of the Grue {Dex+3} (You found it on level 5 of the Dungeon)
  4657 | D:5      | Reached skill level 5 in Dodging
  4902 | D:5      | Reached XP level 7. HP: 47/47 MP: 12/12
  4904 | D:5      | Noticed a water moccasin
  5218 | D:5      | Killed a water moccasin
  5601 | D:5      | Noticed Eustachio
  5618 | D:5      | Found a burning altar of Makhleb.
  5634 | D:5      | Killed Eustachio
  5795 | D:6      | Acquired Qazlal's third power
  5807 | D:6      | HP: 1/49 [orc warrior/glaive (12)]
  6079 | D:6      | Reached skill level 6 in Dodging
  6083 | D:6      | Reached XP level 8. HP: 27/54 MP: 13/13
  6460 | D:6      | Found a blossoming altar of Fedhas.
  6700 | D:6      | Acquired Qazlal's fourth power
  7074 | D:6      | Reached skill level 7 in Dodging
  7074 | D:6      | Reached skill level 1 in Evocations
  7713 | D:7      | Reached skill level 5 in Fighting
  8349 | D:7      | Learned a level 2 spell: Confusing Touch
  8429 | D:7      | Reached XP level 9. HP: 21/61 MP: 17/17
  8724 | D:7      | Reached skill level 8 in Dodging
  9251 | D:7      | Got a faintly glowing dire flail
  9252 | D:7      | Identified the +4 dire flail of the Exiled Dances {flame, Str+3} (You found it on level 7 of the Dungeon)
  9274 | D:7      | Acquired Qazlal's fifth power
  9352 | D:7      | Found a sparkling altar of Nemelex Xobeh.
  9844 | D:8      | Noticed Erolcha
 10080 | D:8      | Killed Erolcha
 10080 | D:8      | Reached skill level 1 in Maces & Flails
 10095 | D:8      | Reached skill level 5 in Polearms
 10102 | D:7      | Reached skill level 9 in Dodging
 10499 | D:8      | Found a staircase to the Lair.
 10569 | D:8      | Reached XP level 10. HP: 49/68 MP: 20/20
 10869 | D:8      | Reached skill level 5 in Long Blades
 10875 | D:8      | Reached skill level 5 in Stealth
 11328 | D:9      | Reached skill level 5 in Armour
 11494 | D:9      | Gained mutation: You possess an exceptional clarity of mind. [potion of beneficial mutation]
 11503 | D:9      | Identified a +3 rod of destruction (9/9) (You found it on level 5 of the Dungeon)
 11744 | D:9      | Found a white marble altar of Elyvilon.
 11856 | D:9      | Found an ancient bone altar of Kikubaaqudgha.
 11891 | D:9      | Found Upufrel's Jewellery Boutique.
 11909 | D:9      | Bought a +3 ring of dexterity for 188 gold pieces
 12483 | D:9      | Reached skill level 10 in Dodging
 12497 | D:9      | Noticed a three-headed hydra
 12808 | D:9      | Slain by a three-headed hydra

Action                   |  1- 3 |  4- 6 |  7- 9 | 10-12 || total
-------------------------+-------+-------+-------+-------++-------
Melee: Long sword        |   106 |    25 |       |       ||   131
       Trident           |    14 |       |       |       ||    14
       Halberd           |       |   144 |   159 |       ||   303
       Spear             |       |       |   256 |       ||   256
       Scythe            |       |       |     8 |       ||     8
       Dire flail        |       |       |   129 |   118 ||   247
Throw: Throwing net      |     6 |     3 |     4 |     4 ||    17
 Cast: Confusing Touch   |       |       |     1 |       ||     1
Invok: Upheaval          |       |       |     6 |     1 ||     7
       Elemental Force   |       |       |     2 |     2 ||     4
Evoke: Wand              |       |     1 |    11 |     5 ||    17
  Use: Scroll            |     5 |     6 |    11 |     4 ||    26
       Potion            |       |       |    12 |    16 ||    28
 Stab: Held in net/web   |       |     1 |     1 |       ||     2
  Eat: Bread ration      |     1 |     1 |     1 |       ||     3
       Royal jelly       |       |     2 |       |       ||     2
       Meat ration       |       |       |     2 |     1 ||     3
       Beef jerky        |       |       |     2 |       ||     2
       Fruit             |       |       |     1 |     3 ||     4
